 Dungeon Crawl Stone Soup version 0.17-a0-1614-g2062e81 (console) character file.

33464 Monkaria the Unseen (level 13, -3/73 HPs)
             Began as a Felid Berserker on Aug 1, 2015.
             Was the Champion of Trog.
             Killed by angry trees
             ... awakened by a young spriggan druid
              (10 damage)
             ... on level 8 of the Lair of Beasts.
             The game lasted 01:18:35 (35544 turns).

Monkaria the Unseen (Felid Berserker)              Turns: 35544, Time: 01:18:35

Health: -3/73      AC:  3    Str: 13 (15) XL:     13   Next: 36%
Magic:  16/16      EV: 36    Int:  6 (7)  God:    Trog [******]
Gold:   1727       SH:  0    Dex: 17 (18) Spells: 0 memorised, 12 levels left
                                        Lives:  0   Deaths: 4

rFire  . . .     SeeInvis +       - Unarmed
rCold  + + .     Clarity  +     (armour unavailable)
rNeg   . . .     SustAt   .     (shield unavailable)
rPois  .         Gourm    .     (helmet unavailable)
rElec  +         Spirit   .     (cloak unavailable)
rCorr  .         Warding  .     (gloves unavailable)
rMut   .         Stasis   .     (boots unavailable)
MR     ++++.                    W - amulet of clarity
Stlth  +++++++++.               R - +3 ring of evasion
                                f - ring of protection from cold

@: exhausted, about to teleport, regenerating, slowed, slow, incredibly
resistant to hostile enchantments, incredibly stealthy
A: no armour, no weapons or thrown items, antennae 1, claws 1, fangs 3, see
invisible, carnivore 3, deterioration 1, dopey 1, speed 1, low mp 2, magic
resistance 1, robust 1, shaggy fur 3, electricity resistance, slow healing 1,
slow metabolism 1, sharp paws
a: Burn Spellbooks, Berserk, Trog's Hand, Brothers in Arms, Renounce Religion


You were on level 8 of the Lair of Beasts.
You worshipped Trog.
Trog was exalted by your worship.
You were very full.

You visited 3 branches of the dungeon, and saw 24 of its levels.
You also visited: Labyrinth, Ossuary, Ice Cave and Volcano.

You collected 1727 gold pieces.

Inventory:

Jewellery
 f - a ring of protection from cold (left paw)
 N - a +3 ring of intelligence
 R - a +3 ring of evasion (right paw)
 W - an amulet of clarity (around neck)
Magical devices
 l - a wand of cold (5)
 n - a wand of draining (12)
 v - a wand of hasting (1)
 E - a wand of teleportation (4)
 K - a wand of slowing (28)
 Q - a wand of frost (31)
 S - a wand of flame (10)
 V - a wand of confusion (19)
Scrolls
 b - 9 scrolls of remove curse
 j - 5 scrolls of vulnerability {unknown}
 m - 6 scrolls of noise
 y - 2 scrolls of fog
 z - 3 scrolls of immolation
 B - 6 scrolls of teleportation
 D - 2 scrolls of enchant armour {unknown}
 F - a scroll of blinking {unknown}
 O - a scroll of brand weapon {unknown}
 U - a scroll of fear {unknown}
 X - 2 scrolls of magic mapping
Potions
 e - 4 potions of agility
 g - 8 potions of curing
 h - a potion of heal wounds
 k - 8 potions of might
 p - 2 potions of haste
 q - 4 potions of lignification
 x - 4 potions of invisibility
 A - a potion of flight
 C - 2 potions of berserk rage
 Y - a potion of resistance {unknown}
Books
 H - a book of Summonings

   Spells                             Type                      Level
   a - Recall                         Summoning/Translocation      3
   b - Aura of Abjuration             Summoning                    5
   c - Shadow Creatures               Summoning                    5
   d - Summon Demon                   Summoning                    5
   e - Summon Forest                  Summoning/Translocation      5
   f - Summon Mana Viper              Hexes/Summoning              5
   Trog disapproves of the use of such an item.
 L - a book of the Tempests

   Spells                             Type                      Level
   a - Static Discharge               Conjuration/Air              3
   b - Lightning Bolt                 Conjuration/Air              5
   c - Fireball                       Conjuration/Fire             5
   d - Tornado                        Air                          9
   e - Shatter                        Earth                        9
   Trog disapproves of the use of such an item.
Miscellaneous
 I - a box of beasts
Comestibles
 a - 8 meat rations
 c - 6 chunks of flesh
 s - 7 beef jerkies


   Skills:
 + Level 13.7 Fighting
 - Level 18.1 Dodging
 - Level 19.3 Stealth
 - Level 11.0 Unarmed Combat
 - Level 9.1 Evocations


You had 12 spell levels left.
You didn't know any spells.

Dungeon Overview and Level Annotations

Branches:
Dungeon (15/15)            Temple (1/1) D:5            Lair (8/8) D:8
  Swamp (0/4) Lair:4       Spider (0/4) Lair:4        Slime (0/6) Lair:7
    Orc (0/4) D:11         Vaults (0/5) D:13         Depths (0/5) D:15

Altars:
Ashenzari
Cheibriados
Dithmenos
Elyvilon
Fedhas
Gozag
Kikubaaqudgha
Makhleb
Nemelex Xobeh
Okawaru
Qazlal
Ru
Sif Muna
Trog
Vehumet
Xom
Yredelemnul
Zin
The Shining One
Jiyva

Shops:
D:7 :   D:11 (   D:14 *


Innate Abilities, Weirdness & Mutations

You cannot wear armour.
You are incapable of wielding weapons or throwing items.
You have sharp claws.
You have razor-sharp teeth.
You have supernaturally acute eyesight.
You are carnivorous and can eat meat at any time.
You cover ground quickly.
Your thick and shaggy fur keeps you warm (AC +3, rC+).
You have a slow metabolism.
Your sharp claws are effective at attacking unaware monsters.
You have a pair of small antennae on your head.
Your body sometimes deteriorates upon taking damage.
You are dopey. (Int -2)
Your magical capacity is very low (-20% MP).
You are resistant to hostile enchantments.
You are robust (+10% HP).
You are resistant to electric shocks.
You heal slowly when monsters are visible.


Message History

Unknown command.
You are too berserk!
Unknown command.
You are too berserk!
You are no longer berserk.
You are exhausted.
You feel yourself slow down.
You are hit by a branch!
* * * LOW HITPOINT WARNING * * *
Things that are here:
a short sword; a glowing robe; a water moccasin corpse Read which item? (? for menu, Esc to quit)
As you read the scroll of fog, it crumbles to dust.
The scroll dissolves into smoke.
The young spriggan druid calls out to the beasts of the wild!
Read which item? (? for menu, Esc to quit)
As you read the scroll of teleportation, it crumbles to dust.
You feel strangely unstable.
The trees move their gnarly branches around.
A tree reaches out and hits you!
You die... ♣..?. ♣♣♣ ....rr♣r♣♣♣ ..rr.hSrli♣

♣....♣♣♣ii♣♣
♣♣♣ ♣♣♣.♣♣
♣§§♣ ♣ii♣♣
♣♣§§♣ ♣§@♣
.. ♣♣§♣ ♣♣.♣
♣♣.♣ ....♣
♣..♣ ....♣
♣♣.♣♣
♣...♣♣..♣
♣.....♣
♣♣...♣♣
♣....♣


You could see a young spriggan druid and a spriggan.

Vanquished Creatures
  Kirke (D:13)
  Louise (D:14)
  Nessos (D:12)
  An ettin (D:15)
  Snorg (Lair:6)
  4 vault guards (D:13)
  An ogre mage (D:12)
  A minotaur (Lab)
  5 hydras
  3 centaur warriors (D:15)
  4 death yaks
  2 tengu warriors (D:15)
  2 unseen horrors (D:15)
  A deep troll (D:15)
  An ice statue (IceCv)
  7 hill giants
  2 ugly things
  A wolf spider zombie (D:12)
  2 cyclopes
  3 toenail golems (Volcano)
  6 black mambas
  2 elephants (Lair:6)
  15 spiny frogs
  9 komodo dragons
  A fire drake (Lair:3)
  2 two-headed ogres
  2 tengu conjurers (D:15)
  8 freezing wraiths (IceCv)
  6 trolls
  A trapdoor spider zombie (D:11)
  A hornet zombie (D:15)
  24 slime creatures
  A wolf spider simulacrum (IceCv)
  28 blink frogs
  A vampire (D:12)
  2 redbacks (Lair:8)
  A trapdoor spider (D:13)
  66 yaks
  3 fire bats (Lair:7)
  A deep elf mage (D:13)
  3 shadows
  3 wyverns
  2 spriggans (Lair:8)
  5 hungry ghosts
  2 hogs (D:13)
  10 hippogriffs
  2 steam dragons
  2 basilisks
  A wraith (D:12)
  7 humans
  18 wolves
  3 vampire mosquitoes (D:13)
  6 swamp worms (Lair:4)
  2 soldier ants
  2 mottled dragons
  A death yak simulacrum (IceCv)
  9 orc warriors
  11 water moccasins
  An alligator simulacrum (IceCv)
  A necrophage (D:12)
  9 ogres
  13 porcupines
  5 sky beasts
  8 spiders (Lair:4)
  A black bear (D:8)
  The ghost of Amnekian the Sneak, an average NaWz (D:3)
  14 ice beasts
  3 phantoms
  12 crocodiles
  8 centaurs
  3 big kobolds
  31 giant frogs
  A gnoll sergeant (D:9)
  3 water moccasin zombies (Ossuary)
  A wyvern zombie (D:14)
  4 scorpions
  4 electric eels
  26 wights
  5 crimson imps
  10 killer bees
  2 quasits
  3 giant frog zombies
  2 centaur zombies
  A draconian simulacrum (IceCv)
  A wasp zombie (D:10)
  4 jellies
  2 orc wizards
  Crazy Yiuf (D:6)
  2 giant frog skeletons
  4 centaur skeletons
  6 hounds
  7 orc priests
  Terence (D:2)
  A troll simulacrum (IceCv)
  5 worker ants
  Natasha (thrice) (D:4)
  9 iguanas
  A polar bear simulacrum (IceCv)
  28 sheep
  12 hell rats (Lair:3)
  A big kobold zombie (Ossuary)
  2 centaur simulacra (IceCv)
  A hound zombie (D:5)
  2 mummies (Ossuary)
  3 worker ant zombies
  17 adders
  9 gnolls
  88 river rats
  3 shadow imps
  8 white imps (IceCv)
  A naga simulacrum (IceCv)
  An ooze (D:7)
  5 adder zombies
  3 adder skeletons
  5 worms
  8 giant geckos
  41 orcs
  7 giant cockroaches
  6 gnoll zombies (Ossuary)
  6 hobgoblins
  6 jackals
  4 quokkas
  5 bats
  A giant gecko skeleton (D:5)
  7 giant newts
  6 goblins
  A goblin zombie (D:7)
  6 hobgoblin zombies (Ossuary)
  28 kobolds
  3 kobold zombies (Ossuary)
  2 orc zombies (Ossuary)
  A quokka skeleton (D:8)
  2 quokka zombies (D:6)
  28 rats
  A rat zombie (D:7)
  4 plants
894 creatures vanquished.

Vanquished Creatures (collateral kills)
  A death yak (Lair:8)
  A necromancer (IceCv)
  3 elephants (Lair:6)
  2 freezing wraiths (IceCv)
  A polar bear (Lair:8)
  A redback (Lair:8)
  4 draconian simulacra (IceCv)
  A troll simulacrum (IceCv)
  5 centaur simulacra (IceCv)
  5 naga simulacra (IceCv)
  4 white imps (IceCv)
28 creatures vanquished.

Vanquished Creatures (others)
  3 humans (D:13)
  A water moccasin (Lair:8)
  A giant frog zombie (D:13)
  4 kobolds (D:8)
  A rat (D:2)
  27 fungi
  8 plants
45 creatures vanquished.

Grand Total: 967 creatures vanquished

Notes
Turn   | Place    | Note
--------------------------------------------------------------
     0 | D:1      | Monkaria the Felid Berserker began the quest for the Orb.
     0 | D:1      | Reached XP level 1. HP: 10/10 MP: 2/2
   347 | D:1      | Reached XP level 2. HP: 14/14 MP: 3/3
   483 | D:1      | Reached skill level 5 in Dodging
   777 | D:2      | Noticed Terence
   797 | D:2      | Killed Terence
   797 | D:2      | Reached skill level 6 in Dodging
   797 | D:2      | Reached XP level 3. HP: 14/17 MP: 4/4
   877 | D:2      | Found a radiant altar of Vehumet.
   955 | D:2      | Reached XP level 4. HP: 14/21 MP: 5/5
  1037 | D:2      | Acquired Trog's second power
  1203 | D:2      | Found an opulent altar of Gozag.
  1307 | D:2      | Reached skill level 7 in Dodging
  1348 | D:2      | Reached skill level 1 in Stealth
  2445 | D:3      | Reached XP level 5. HP: 19/24 MP: 6/6
  2680 | D:3      | Found a burning altar of Makhleb.
  2770 | D:3      | Noticed Amnekian's ghost (average NaWz)
  2781 | D:3      | Killed Amnekian's ghost
  2844 | D:3      | Gained mutation: You are covered in thick fur (AC +2). [Felid growth]
  2844 | D:3      | Reached XP level 6. HP: 21/28 MP: 7/7
  3235 | D:4      | Reached skill level 5 in Stealth
  3626 | D:4      | Found a sparkling altar of Nemelex Xobeh.
  3747 | D:4      | Noticed Natasha
  3751 | D:4      | Killed Natasha
  4139 | D:4      | Noticed Natasha
  4149 | D:4      | Killed Natasha
  4252 | D:4      | Found a sparkling altar of Nemelex Xobeh.
  4295 | D:4      | Noticed Natasha
  4307 | D:4      | Killed Natasha
  4625 | D:5      | Entered Level 5 of the Dungeon
  4671 | D:5      | Reached XP level 7. HP: 32/32 MP: 8/8
  4748 | D:5      | Found a glowing silver altar of Zin.
  4786 | D:5      | Reached skill level 8 in Stealth
  4942 | D:5      | Reached skill level 9 in Stealth
  5068 | D:5      | Found a staircase to the Ecumenical Temple.
  5069 | D:5      | Gained mutation: Your magical capacity is low (-10% MP). [mutagenic meat]
  5070 | D:5      | Gained mutation: Your muscles are strong. (Str +2) [mutagenic meat]
  5071 | D:5      | Gained mutation: Your body sometimes deteriorates upon taking damage. [mutagenic meat]
  5072 | D:5      | Gained mutation: You are dopey. (Int -2) [mutagenic meat]
  5098 | Temple   | Entered the Ecumenical Temple
  5676 | D:6      | Reached skill level 10 in Stealth
  5767 | D:6      | Reached XP level 8. HP: 28/36 MP: 8/8
  5781 | D:6      | Reached skill level 11 in Stealth
  5801 | D:6      | Gained mutation: You are robust (+10% HP). [mutagenic meat]
  5802 | D:6      | Gained mutation: You have a pair of small antennae on your head. [mutagenic meat]
  5803 | D:6      | Lost mutation: Your muscles are strong. (Str +2) [mutagenic meat]
  5804 | D:6      | Gained mutation: You are resistant to hostile enchantments. [mutagenic meat]
  6005 | D:6      | Found a shimmering altar of Xom.
  6048 | D:6      | Reached skill level 12 in Stealth
  6115 | D:6      | Noticed Crazy Yiuf
  6119 | D:6      | Killed Crazy Yiuf
  6429 | D:7      | Found a sand-covered staircase.
  6445 | Ossuary  | Entered an ossuary
  7352 | D:7      | Found a sparkling altar of Nemelex Xobeh.
  7611 | D:7      | Reached XP level 9. HP: 42/42 MP: 9/9
  7632 | D:7      | Found Ennilaf's Book Shop.
  7645 | D:7      | Reached skill level 5 in Unarmed Combat
  8691 | D:8      | Reached skill level 5 in Fighting
  8832 | D:8      | Reached XP level 10. HP: 52/52 MP: 10/10
  9071 | D:8      | Found a staircase to the Lair.
  9812 | D:9      | Found a bloodstained altar of Trog.
  9820 | D:9      | Found a deep blue altar of Sif Muna.
 10265 | D:9      | Acquired Trog's third power
 11254 | D:10     | Entered Level 10 of the Dungeon
 11469 | D:10     | Reached skill level 13 in Stealth
 11969 | D:10     | Reached skill level 14 in Stealth
 12435 | D:11     | Noticed a hill giant
 12567 | D:11     | Killed a hill giant
 12662 | D:11     | Noticed a purple ugly thing
 12715 | D:11     | Killed a purple ugly thing
 12715 | D:11     | Reached skill level 10 in Dodging
 12715 | D:11     | Reached XP level 11. HP: 58/58 MP: 10/10
 12753 | D:11     | Noticed a cyclops
 12754 | D:11     | Found Nonirr's Weapon Emporium.
 12778 | D:11     | HP: 4/87 [cyclops (26)]
 12780 | D:11     | Killed a cyclops
 12784 | D:11     | HP: 3/87 [sheep[a cyclops] (6)]
 12893 | D:11     | Found a staircase to the Orcish Mines.
 13080 | D:11     | Noticed a four-headed hydra
 13094 | D:11     | Killed a four-headed hydra
 13276 | D:11     | Gained mutation: Your magical capacity is very low (-20% MP). [mutagenic meat]
 13278 | D:11     | Gained mutation: You heal slowly when monsters are visible. [mutagenic meat]
 13614 | D:11     | Demolished by a very large slime creature
 13615 | D:11     | Reached XP level 10. HP: -14/53 MP: 9/9
 13944 | D:12     | Noticed a hill giant
 13956 | D:12     | Killed a hill giant
 13956 | D:12     | Reached skill level 15 in Stealth
 14105 | D:12     | Noticed a hill giant
 14112 | D:12     | Killed a hill giant
 14127 | D:12     | Reached skill level 16 in Stealth
 14175 | D:12     | Noticed Nessos
 14200 | D:12     | Killed Nessos
 14200 | D:12     | Reached XP level 11. HP: 58/58 MP: 9/9
 14211 | D:12     | Reached skill level 17 in Stealth
 15332 | D:12     | Noticed an ogre mage
 15357 | D:12     | Killed an ogre mage
 16341 | D:12     | HP: 3/87 [slime creature (22)]
 16686 | D:13     | Reached skill level 15 in Dodging
 16788 | D:13     | Gained mutation: Your thick and shaggy fur keeps you warm (AC +3, rC+). [Felid growth]
 16788 | D:13     | Reached XP level 12. HP: 62/62 MP: 10/10
 16820 | D:13     | Slain by a soldier ant
 16821 | D:13     | Reached XP level 11. HP: -3/58 MP: 9/9
 17053 | D:13     | Noticed a hill giant
 17468 | D:12     | Killed a hill giant
 17630 | D:13     | Noticed Kirke
 17687 | D:13     | Killed Kirke
 17828 | D:13     | Noticed a vault guard
 17850 | D:13     | Found a gate to the Vaults.
 17850 | D:13     | Noticed a vault guard
 17850 | D:13     | Noticed a vault guard
 17851 | D:13     | Noticed a vault guard
 17890 | D:13     | Killed a vault guard
 18008 | D:13     | Killed a vault guard
 18008 | D:13     | Reached skill level 10 in Unarmed Combat
 18395 | D:13     | Killed a vault guard
 18566 | D:13     | Killed a vault guard
 18606 | D:13     | Reached XP level 12. HP: 62/62 MP: 10/10
 18677 | D:13     | Found a burning altar of Makhleb.
 18677 | D:13     | Noticed an Executioner
 18777 | D:13     | Found a gate to the Vaults.
 18796 | D:13     | Found a burning altar of Makhleb.
 19317 | D:14     | Found a glowing golden altar of the Shining One.
 19413 | D:14     | Noticed Louise
 19420 | D:14     | Killed Louise
 19743 | D:14     | Found Rotoutaz's General Store.
 19761 | D:15     | Entered Level 15 of the Dungeon
 19799 | D:15     | Reached skill level 10 in Fighting
 19855 | D:15     | Reached skill level 1 in Evocations
 20008 | D:15     | Noticed a centaur warrior
 20098 | D:15     | Killed a centaur warrior
 20098 | D:15     | Reached skill level 5 in Evocations
 20236 | D:15     | Found a staircase to the Depths.
 20271 | D:15     | Noticed a centaur warrior
 20289 | D:15     | Noticed a centaur warrior
 20319 | D:15     | Killed a centaur warrior
 20492 | D:15     | Noticed an ettin
 20750 | D:15     | Killed an ettin
 20750 | D:15     | Reached XP level 13. HP: 67/67 MP: 14/15
 21013 | D:15     | Killed a centaur warrior
 21117 | D:15     | Found a staircase to the Depths.
 21920 | Lair:1   | Entered Level 1 of the Lair of Beasts
 23082 | Lair:1   | You fall through a shaft!
 24115 | Lair:3   | Found a frozen archway.
 24134 | Lair:3   | Reached skill level 18 in Stealth
 24163 | Lair:3   | Found a labyrinth entrance.
 24173 | Lab      | Entered a labyrinth
 24365 | IceCv    | Entered an ice cave
 24966 | IceCv    | Found an ancient bone altar of Kikubaaqudgha.
 25056 | IceCv    | Reached skill level 19 in Stealth
 26201 | Lair:3   | HP: 3/103 [river rat (6)]
 27406 | Lair:4   | Reached XP level 14. HP: 73/73 MP: 17/17
 28458 | Lair:4   | Found a hole to the Spider Nest.
 28880 | Lair:4   | Found a staircase to the Swamp.
 29850 | Lair:4   | Gained mutation: You are resistant to electric shocks. [potion of mutation]
 30668 | Lair:5   | Found a glowing golden altar of the Shining One.
 31414 | Lair:6   | Noticed Snorg
 31425 | Lair:6   | Killed Snorg
 31670 | Lair:6   | Slain by a komodo dragon
 31671 | Lair:6   | Reached XP level 13. HP: 0/70 MP: 16/16
 32207 | Lair:7   | Found a staircase to the Slime Pits.
 32208 | Lair:7   | Found a viscous altar of Jiyva.
 32709 | Lair:7   | Found a dark tunnel.
 32718 | Volcano  | Entered a volcano
 34321 | Lair:7   | Reached XP level 14. HP: 66/77 MP: 17/17
 34669 | Lair:8   | Entered Level 8 of the Lair of Beasts
 35297 | Lair:8   | Slain by a death yak
 35298 | Lair:8   | Reached XP level 13. HP: -1/72 MP: 16/16
 35541 | Lair:8   | HP: 2/73 [young spriggan druid/angry trees (14)]
 35544 | Lair:8   | Killed from afar by a young spriggan druid

Vault maps used:
D:1:      matt_arrival_refuge, serial_bayou_crossing
D:2:      fiery_altar_vehumet, old_standard_altar, uniq_terence
D:3:      lemuel_crystal_altar
D:4:      nemelex_altar_shiori, uniq_natasha
D:5:      lemuel_crystal_altar, minmay_temple_entry_junction, first_bread,
          grunt_ministairs_12
D:6:      xom_teletrap_fun, uniq_crazy_yiuf_cottage
D:7:      enter_ossuary_4, serial_shops, shop, nemelex_dance_club_becter
D:8:      kennysheep_kobold_camp, lair_0_dummy
D:9:      grunt_temple_overflow_open, hangedman_abyss_or_decor_stagger
D:11:     orc_0_dummy, serial_shops, shop_statue, grunt_livestock
D:12:     serial_park_tiny_pond, nicolae_two_hexagons, uniq_nessos
D:13:     lightli_vaults_fourway_checkpoint, makhleb_altar_promises_db,
          uniq_kirke
D:14:     serial_shops, nicolae_shop_crystal, nicolae_tso_carved_into_rock,
          kennysheep_generic_room_15, uniq_louise
D:15:     hangedman_depths_entry_civil_slaughter, minmay_misc_feat_columns
Temple:   triangle_lava_temple_11
Lair:3:   lemuel_ratsnest, portal_ice_cave_entry_ice_beasts, lab_entry_generic,
          grunt_forest_stairs_basic
Lair:4:   nicolae_swamp_entry_splash_gauntlet, spider_nest_entry_a,
          infiniplex_staircase_pool, grunt_megastairs_5, lemuel_fruit_tree
Lair:5:   basic_altar, serial_bayou_shore_a
Lair:6:   wad_woods_pond, uniq_snorg
Lair:7:   slime_altar_1, nicolae_volcano_entry_batcave, lemuel_fruit_fields
Lair:8:   minmay_lair_end_enchanted_forest, serial_bayou_pond_d
Lab:      nicolae_lab_do_over, nicolae_lab_statue, nicolae_lab_starburst,
          nicolae_lab_swirl, labyrinth_skeletal_remains, labyrinth_glass_1,
          nicolae_lab_lava, nicolae_lab_arrow, nicolae_lab_x,
          nicolae_lab_dead_end, labyrinth_lava_lair, nicolae_lab_stuck,
          nicolae_lab_very_dead_end
Ossuary:  ossuary_tomb_2
IceCv:    ice_cave_small_necro
Volcano:  volcano_bunker

Action                   |  1- 3 |  4- 6 |  7- 9 | 10-12 | 13-15 || total
-------------------------+-------+-------+-------+-------+-------++-------
Melee: Unarmed           |    82 |   203 |   331 |  1111 |  1514 ||  3241
Invok: Berserk           |     2 |     1 |    10 |    49 |    29 ||    91
       Trog's Hand       |       |     1 |     4 |    28 |    20 ||    53
       Burn Spellbooks   |       |       |       |     1 |       ||     1
       Brothers in Arms  |       |       |       |       |     6 ||     6
Evoke: Wand              |       |       |     9 |    33 |     3 ||    45
  Use: Scroll            |       |     1 |     9 |     9 |     9 ||    28
       Potion            |       |       |       |     4 |     4 ||     8
 Stab: Sleeping          |     3 |    13 |    44 |    59 |   103 ||   222
       Invisible         |       |       |       |     5 |       ||     5
       Distracted        |       |       |       |     3 |    10 ||    13
  Eat: Chunk             |     4 |    13 |    27 |    94 |    75 ||   213
